Little Stars vs Patriotes
Created - February 17, 2018 at 19:41
Goals
|
| Little Stars |
2 |
5 |
2 |
9 |
| Patriotes |
0 |
0 |
2 |
2 |
|
Shots
|
| Little Stars |
18 |
11 |
7 |
36 |
| Patriotes |
9 |
8 |
17 |
34 |
|
1st period
1. Little Stars , Jesper Fast 19 (Mathieu Perreault 24, Jordie Benn 13) at 6:02
2. Little Stars , Hugh Jessiman 12 (Jesse Joensuu 35, Dana Tyrell 28) at 18:41
Penalties :
Scott Kosmachuck (Tex) for High sticking (Minor) at 12:40, Alex Chiasson (Tex) for High sticking (Minor) at 19:35
2nd period
3. Little Stars , Dana Tyrell 30 (Hugh Jessiman 11, Jesse Joensuu 36) at 4:11
4. Little Stars , Shawn Matthias 28 (Alex Chiasson 67, Brian Flynn 46) at 12:32
5. Little Stars , Jesper Fast 20 (Mathieu Perreault 25, Robert Klinkhammer 9) at 13:04
6. Little Stars , Shawn Matthias 29 (Niklas Hjalmarsson 26) at 15:51
7. Little Stars , Alex Chiasson 42 (Brian Flynn 47, Niklas Hjalmarsson 27) at 16:09
Penalties :
Mathieu Perreault (Tex) for Holding (Minor) at 18:11
3rd period
8. Patriotes , Ryan Wilson 11 (Emerson Etem 20, Anthony Bitetto 20) at 0:56
9. Patriotes , Emerson Etem 7 (Phil McRae 14, Anthony Bitetto 21) at 2:09
10. Little Stars , Tyson Barrie 1 (Brian Flynn 48) at 9:18 (SH)
11. Little Stars , Hugh Jessiman 13 (Dana Tyrell 29, Jesse Joensuu 37) at 11:19 (PP)
Penalties :
Evgeny Kuznetsov (Nyc) for Fighting (Major) at 4:01, Daniel O'regan (Tex) for Fighting (Major) at 4:01, Dana Tyrell (Tex) for Roughing (Minor) at 8:39, Vince Hinostroza (Nyc) for Holding (Minor) at 10:55, Andrej Sustr (Tex) for Interference (Minor) at 14:32
Goalie Stats
Jhonas Enroth (Tex), 32 saves from 34 shots - (0.941), W, 31-11-1, 60:00 minutes
Andrei Vasilevskiy (Nyc), 6 saves from 9 shots - (0.667), 24:09 minutes
Marek Schwarz (Nyc), 21 saves from 27 shots - (0.778), L, 9-13-5, 35:51 minutes
Players Stats for Little Stars
Player Name G A P +/- PIM S H SB GA TA FO MP PP MP PK MP
------------------------------------------------------------------------------------
Alex Chiasson 1 1 2 3 2 5 0 1 2 0 4/8 21:41 0:00 4:28
Alexander Vasyunov 0 0 0 -1 0 6 1 1 0 0 0/0 9:20 0:00 1:29
Andrej Sustr 0 0 0 3 2 1 4 4 0 1 0/0 28:26 0:00 5:36
Brian Flynn 0 3 3 4 0 0 1 1 1 1 16/28 19:13 0:00 2:44
Dana Tyrell 1 2 3 1 2 2 2 0 1 1 5/11 14:56 0:24 0:00
Daniel O'regan 0 0 0 -1 5 0 0 0 0 0 0/1 8:08 0:00 0:33
Hugh Jessiman 2 1 3 2 0 3 1 0 0 1 0/2 17:37 0:24 2:44
Jesper Fast 2 0 2 2 0 5 0 0 0 0 0/0 10:07 0:00 0:00
Jesse Joensuu 0 3 3 1 0 4 2 1 1 0 1/2 14:53 0:24 0:00
Jordie Benn 0 1 1 1 0 1 1 1 0 1 0/0 18:54 0:24 3:24
Mathieu Perreault 0 2 2 2 2 1 3 0 0 0 4/6 10:44 0:00 0:00
Niklas Hjalmarsson 0 2 2 3 0 2 0 3 0 0 0/0 29:22 0:00 6:31
Robert Klinkhammer 0 1 1 2 0 0 0 0 0 0 1/2 12:35 0:00 2:15
Scott Harrington 0 0 0 2 0 0 0 0 1 0 0/0 12:44 0:00 0:55
Scott Kosmachuck 0 0 0 -1 2 0 2 0 0 0 0/0 7:50 0:00 0:00
Shawn Matthias 2 0 2 3 0 3 1 3 0 0 2/3 22:51 0:00 5:37
Tyler Wotherspoon 0 0 0 2 0 2 0 0 0 1 0/0 11:44 0:00 0:00
Tyson Barrie 1 0 1 1 0 1 1 1 0 1 0/0 18:54 0:24 3:24
Players Stats for Patriotes
Player Name G A P +/- PIM S H SB GA TA FO MP PP MP PK MP
------------------------------------------------------------------------------------
Aaron Ness 0 0 0 -2 0 0 1 2 1 1 0/0 11:51 0:00 0:00
Alex Petrovic 0 0 0 -2 0 0 0 0 0 0 0/0 11:51 0:00 0:00
Andrew Gordon 0 0 0 -2 0 0 1 1 0 0 2/4 17:12 5:44 0:24
Anthony Bitetto 0 2 2 -2 0 0 0 2 0 1 0/0 20:43 3:36 0:00
Austin Watson 0 0 0 0 0 0 0 0 0 0 0/0 0:18 0:00 0:00
Christian Hanson 0 0 0 -3 0 5 1 0 1 0 13/20 19:20 5:44 0:24
David Kolomatis 0 0 0 -2 0 3 0 5 1 0 0/0 20:43 3:36 0:00
Emerson Etem 1 1 2 0 0 3 0 1 0 0 0/0 8:23 0:00 0:00
Evgeny Kuznetsov 0 0 0 -2 5 5 3 0 0 0 6/22 15:48 0:08 0:00
Fedor Fedorov 0 0 0 -3 0 3 3 0 1 1 0/0 22:41 5:44 0:00
Jared Knight 0 0 0 0 0 0 0 0 0 0 0/0 0:00 0:00 0:00
Justin Florek 0 0 0 -1 0 2 0 0 0 0 1/1 10:49 0:00 0:00
Mark Stone 0 0 0 -2 0 1 0 1 1 1 3/3 17:20 0:08 0:00
Matt Calvert 0 0 0 -2 0 5 0 0 0 0 0/1 17:05 4:03 0:00
Phil McRae 0 1 1 0 0 2 2 0 0 0 3/5 9:54 0:00 0:00
Riley Barber 0 0 0 0 0 0 0 0 0 0 0/0 0:00 0:00 0:00
Robert Baillargeon 0 0 0 0 0 0 0 0 0 0 0/0 0:00 0:00 0:00
Ryan Wilson 1 0 1 -2 0 2 0 0 0 1 0/0 27:26 6:19 0:24
Scott Glennie 0 0 0 0 0 0 0 0 0 0 0/0 0:20 0:08 0:00
Timothy Kunes 0 0 0 -2 0 2 8 0 1 1 0/0 27:26 6:19 0:24
Tyler Randell 0 0 0 -2 0 1 6 0 0 0 0/0 17:05 4:03 0:00
Vince Hinostroza 0 0 0 0 2 0 2 0 0 0 1/2 8:22 0:00 0:00
Zenon Konopka 0 0 0 -1 0 0 0 0 1 0 1/5 14:57 4:03 0:00
3 Stars
1 - Hugh Jessiman (Tex)
2 - Shawn Matthias (Tex)
3 - Brian Flynn (Tex)
Power Play
Little Stars - 1 on 1 Attempt(s) - 100.00%
Patriotes - 0 on 5 Attempt(s) - 0.00%
Penalty Kill
Little Stars - 5 on 5 Attempt(s) - 100.00%
- Score 1 goal in Penalty Kill
Patriotes - 0 on 1 Attempt(s) - 0.00%
- Score 0 goal in Penalty Kill
Team Stat
Little Stars - Hits : 19 - Faceoff Wins : 33 - Blocked Shots : 16 - Penalty Minutes : 15
Patriotes - Hits : 27 - Faceoff Wins : 30 - Blocked Shots : 12 - Penalty Minutes : 7
Official
Referees : Hebert Ghislain and Devorski Paul
Linesman : Brian Murphy and Bryan Pancich
Game Notes
Andrei Vasilevskiy enters game at 15:51 of 2nd period
Evgeny Kuznetsov and Daniel O'regan fight to a draw at 4:01 of 3rd period
Finance
Level 1 -- Attendance: 1576 (78.80%) -- Ticket Income $63,040
Level 2 -- Attendance: 724 (72.40%) -- Ticket Income $14,480
Total Attendance: 2300 (76.67%)
Total Ticket Income: $77,520
Other Income: $3,876
Total Income: $81,396
Little Stars
5 vs 5 Forward
Center Left Wing Right Wing Time % Phy DF OF
1 Brian Flynn Shawn Matthias Alex Chiasson 40 1 2 2
2 Dana Tyrell Jesse Joensuu Hugh Jessiman 30 1 2 2
3 Mathieu Perreault Robert Klinkhammer Jesper Fast 20 1 2 2
4 Daniel O'regan Alexander Vasyunov Scott Kosmachuck 10 1 2 2
5 vs 5 Defense
Defense Defense Time % Phy DF OF
1 Niklas Hjalmarsson Andrej Sustr 40 1 2 2
2 Jordie Benn Tyson Barrie 30 1 2 2
3 Tyler Wotherspoon Scott Harrington 20 1 2 2
4 Niklas Hjalmarsson Andrej Sustr 10 1 2 2
PowerPlay Forward
Center Left Wing Right Wing Time % Phy DF OF
1 Brian Flynn Shawn Matthias Alex Chiasson 60 1 2 2
2 Dana Tyrell Jesse Joensuu Hugh Jessiman 40 1 2 2
PowerPlay Defense
Defense Defense Time % Phy DF OF
1 Niklas Hjalmarsson Andrej Sustr 60 1 2 2
2 Jordie Benn Tyson Barrie 40 1 2 2
Penalty Kill 4 Players Forward
Center Wing Time % Phy DF OF
1 Alex Chiasson Shawn Matthias 60 1 2 2
2 Brian Flynn Hugh Jessiman 40 1 2 2
Penalty Kill 4 Players Defense
Defense Defense Time % Phy DF OF
1 Niklas Hjalmarsson Andrej Sustr 60 1 2 2
2 Jordie Benn Tyson Barrie 40 1 2 2
Penalty Kill - 3 Players Forward
Forward Time % Phy DF OF
1 Alex Chiasson 60 1 2 2
2 Shawn Matthias 40 1 2 2
Penalty Kill - 3 Players Defense
Defense Defense Time % Phy DF OF
1 Niklas Hjalmarsson Andrej Sustr 60 1 2 2
2 Jordie Benn Tyson Barrie 40 1 2 2
4 vs 4 Forward
Center Wing Time % Phy DF OF
1 Alex Chiasson Shawn Matthias 60 1 2 2
2 Brian Flynn Hugh Jessiman 40 1 2 2
4 vs 4 Defense
Defense Defense Time % Phy DF OF
1 Niklas Hjalmarsson Andrej Sustr 60 1 2 2
2 Jordie Benn Tyson Barrie 40 1 2 2
Last Minutes Offensive
Center Left Wing Right Wing Defense Defense
Brian Flynn Shawn Matthias Alex Chiasson Niklas Hjalmarsson Andrej Sustr
Last Minutes Defensive
Center Left Wing Right Wing Defense Defense
Brian Flynn Shawn Matthias Alex Chiasson Niklas Hjalmarsson Andrej Sustr
Goaltenders
Starting : Jhonas Enroth
Backup : Peter Delmas
Extra Forwards
Normal : Mathieu Perreault, Jesper Fast, Robert Klinkhammer - PP : Mathieu Perreault, Jesper Fast - PK : Robert Klinkhammer
Extra Defensemen
Normal : Tyler Wotherspoon, Scott Harrington, Jordie Benn - PP : Tyler Wotherspoon - PK : Scott Harrington, Jordie Benn
Penalty Shots
Alex Chiasson, Shawn Matthias, Brian Flynn, Hugh Jessiman, Dana Tyrell
Scratches
Michael Mersch (Healthy), Reece Willcox (Healthy), Ville Pokka (Healthy), Alexander Khokhlachev (Healthy), Phil Oreskovic (Right Forearm Injury)
Anthony Camara (Healthy), Daniel Catenacci (Healthy), Duncan Siemens (Healthy), Dillon Simpson (Healthy), Yannick Weber (Bruised Left Leg Injury)
Anthony Stolarz (Healthy)
Patriotes
5 vs 5 Forward
Center Left Wing Right Wing Time % Phy DF OF
1 Evgeny Kuznetsov Fedor Fedorov Mark Stone 40 1 2 2
2 Christian Hanson Matt Calvert Tyler Randell 30 1 2 2
3 Zenon Konopka Justin Florek Andrew Gordon 20 1 2 2
4 Phil McRae Vince Hinostroza Emerson Etem 10 1 2 2
5 vs 5 Defense
Defense Defense Time % Phy DF OF
1 Ryan Wilson Timothy Kunes 40 1 2 2
2 Anthony Bitetto David Kolomatis 30 1 2 2
3 Alex Petrovic Aaron Ness 20 1 2 2
4 Ryan Wilson Timothy Kunes 10 1 2 2
PowerPlay Forward
Center Left Wing Right Wing Time % Phy DF OF
1 Christian Hanson Fedor Fedorov Andrew Gordon 60 1 2 2
2 Zenon Konopka Matt Calvert Tyler Randell 40 1 2 2
PowerPlay Defense
Defense Defense Time % Phy DF OF
1 Ryan Wilson Timothy Kunes 60 1 2 2
2 Anthony Bitetto David Kolomatis 40 1 2 2
Penalty Kill 4 Players Forward
Center Wing Time % Phy DF OF
1 Andrew Gordon Christian Hanson 60 1 2 2
2 Fedor Fedorov Matt Calvert 40 1 2 2
Penalty Kill 4 Players Defense
Defense Defense Time % Phy DF OF
1 Ryan Wilson Timothy Kunes 60 1 2 2
2 Anthony Bitetto David Kolomatis 40 1 2 2
Penalty Kill - 3 Players Forward
Forward Time % Phy DF OF
1 Andrew Gordon 60 1 2 2
2 Christian Hanson 40 1 2 2
Penalty Kill - 3 Players Defense
Defense Defense Time % Phy DF OF
1 Ryan Wilson Timothy Kunes 60 1 2 2
2 Anthony Bitetto David Kolomatis 40 1 2 2
4 vs 4 Forward
Center Wing Time % Phy DF OF
1 Andrew Gordon Christian Hanson 60 1 2 2
2 Fedor Fedorov Matt Calvert 40 1 2 2
4 vs 4 Defense
Defense Defense Time % Phy DF OF
1 Ryan Wilson Timothy Kunes 60 1 2 2
2 Anthony Bitetto David Kolomatis 40 1 2 2
Last Minutes Offensive
Center Left Wing Right Wing Defense Defense
Christian Hanson Fedor Fedorov Andrew Gordon Ryan Wilson Timothy Kunes
Last Minutes Defensive
Center Left Wing Right Wing Defense Defense
Christian Hanson Fedor Fedorov Andrew Gordon Ryan Wilson Timothy Kunes
Goaltenders
Starting : Marek Schwarz
Backup : Andrei Vasilevskiy
Extra Forwards
Normal : Mark Stone, Evgeny Kuznetsov, Phil McRae - PP : Mark Stone, Evgeny Kuznetsov - PK : Phil McRae
Extra Defensemen
Normal : Alex Petrovic, Aaron Ness, Anthony Bitetto - PP : Alex Petrovic - PK : Aaron Ness, Anthony Bitetto
Penalty Shots
Andrew Gordon, Christian Hanson, Fedor Fedorov, Matt Calvert, Zenon Konopka
Scratches
Robbie Russo (Broken Nose Injury), Phoenix Copley (Healthy)
% Time on Ice - Little Stars
Lines # - Real PCT - Wanted PCT - Time Play
Normal Forward
1 - 35% - 40% - 17:27
2 - 29% - 30% - 14:29
3 - 20% - 20% - 10:07
4 - 15% - 10% - 7:38
Normal Defense
1 - 41% - 40% - 20:19
2 - 30% - 30% - 15:06
3 - 24% - 20% - 11:44
4 - 5% - 10% - 2:32
PP Forward
1 - 0% - 60% - 0:00
2 - 100% - 40% - 0:24
PP Defense
1 - 0% - 60% - 0:00
2 - 100% - 40% - 0:24
PK Forward
1 - 72% - 60% - 7:11
2 - 28% - 40% - 2:44
PK Defense
1 - 66% - 60% - 6:31
2 - 34% - 40% - 3:24
PK3 Forward
1 - 0% - 60%
2 - 0% - 40%
PK3 Defense
1 - 0% - 60%
2 - 0% - 40%
44 Forward
1 - 0% - 60%
2 - 0% - 40%
44 Defense
1 - 0% - 60%
2 - 0% - 40%
Last Minute Offensive - 0:00
Last Minute Defensive - 0:00
Total
Forward - 60:00
Defense - 60:00
|
% Time on Ice - Patriotes
Lines # - Real PCT - Wanted PCT - Time Play
Normal Forward
1 - 35% - 40% - 17:27
2 - 26% - 30% - 13:02
3 - 22% - 20% - 10:49
4 - 17% - 10% - 8:23
Normal Defense
1 - 39% - 40% - 19:08
2 - 34% - 30% - 17:07
3 - 24% - 20% - 11:51
4 - 3% - 10% - 1:35
PP Forward
1 - 59% - 60% - 5:52
2 - 41% - 40% - 4:03
PP Defense
1 - 64% - 60% - 6:19
2 - 36% - 40% - 3:36
PK Forward
1 - 100% - 60% - 0:24
2 - 0% - 40% - 0:00
PK Defense
1 - 100% - 60% - 0:24
2 - 0% - 40% - 0:00
PK3 Forward
1 - 0% - 60%
2 - 0% - 40%
PK3 Defense
1 - 0% - 60%
2 - 0% - 40%
44 Forward
1 - 0% - 60%
2 - 0% - 40%
44 Defense
1 - 0% - 60%
2 - 0% - 40%
Last Minute Offensive - 0:00
Last Minute Defensive - 0:00
Total
Forward - 60:00
Defense - 60:00
|
Play by Play
1st period
0:01 of 1st period - Evgeny Kuznetsov wins face-off versus Brian Flynn in neutral zone.
0:06 of 1st period - Wrist shot by Evgeny Kuznetsov.
0:06 of 1st period - Shot Blocked by Niklas Hjalmarsson.
0:08 of 1st period - Snap shot by Mark Stone.
0:08 of 1st period - Shot Misses the Net.
0:28 of 1st period - Snap shot by Dana Tyrell.
0:28 of 1st period - Stopped by Marek Schwarz with a rebound.
0:34 of 1st period - Wrist shot by Matt Calvert.
0:34 of 1st period - Stopped by Jhonas Enroth with a rebound.
0:36 of 1st period - Slapshot by Tyler Randell.
0:36 of 1st period - Shot Blocked by Jesse Joensuu.
1:06 of 1st period - Tyson Barrie is hit by Vince Hinostroza.
1:18 of 1st period - Slapshot by Emerson Etem.
1:18 of 1st period - Stopped by Jhonas Enroth with a rebound.
1:50 of 1st period - Wrist shot by Jesse Joensuu.
1:50 of 1st period - Shot Misses the Net.
1:52 of 1st period - Slapshot by Scott Harrington.
1:52 of 1st period - Shot Blocked by Aaron Ness.
2:35 of 1st period - Jordie Benn is hit by Evgeny Kuznetsov and loses puck.
4:07 of 1st period - Snap shot by Alex Chiasson.
4:07 of 1st period - Deflect By Brian Flynn.
4:07 of 1st period - Shot Misses the Net.
4:07 of 1st period - Puck is out of play.
4:08 of 1st period - Evgeny Kuznetsov wins face-off versus Dana Tyrell in Patriotes zone.
4:15 of 1st period - Snap shot by Jesse Joensuu.
4:15 of 1st period - Stopped by Marek Schwarz without a rebound.
4:16 of 1st period - Dana Tyrell wins face-off versus Evgeny Kuznetsov in Patriotes zone.
4:21 of 1st period - Snap shot by Hugh Jessiman.
4:21 of 1st period - Shot Misses the Net.
4:23 of 1st period - Slapshot by Jesse Joensuu.
4:23 of 1st period - Stopped by Marek Schwarz with a rebound.
4:25 of 1st period - Snap shot by Jesse Joensuu.
4:25 of 1st period - Shot Misses the Net.
4:27 of 1st period - Wrist shot by Tyler Wotherspoon.
4:27 of 1st period - Stopped by Marek Schwarz without a rebound.
4:28 of 1st period - Brian Flynn wins face-off versus Evgeny Kuznetsov in Patriotes zone.
4:43 of 1st period - Wrist shot by Fedor Fedorov.
4:43 of 1st period - Shot Misses the Net.
4:53 of 1st period - Timothy Kunes is hit by Jesse Joensuu and loses puck.
5:15 of 1st period - Snap shot by Alexander Vasyunov.
5:15 of 1st period - Stopped by Marek Schwarz with a rebound.
5:17 of 1st period - Slapshot by Jordie Benn.
5:17 of 1st period - Shot Blocked by David Kolomatis.
5:27 of 1st period - Slapshot by Alexander Vasyunov.
5:27 of 1st period - Stopped by Marek Schwarz without a rebound.
5:28 of 1st period - Alex Chiasson wins face-off versus Evgeny Kuznetsov in Patriotes zone.
6:02 of 1st period - Snap shot by Jesper Fast.
6:02 of 1st period - Goal by Jesper Fast - Little Stars : 1 - Patriotes : 0.
6:03 of 1st period - Evgeny Kuznetsov wins face-off versus Brian Flynn in neutral zone.
6:35 of 1st period - Wrist shot by Jesse Joensuu.
6:35 of 1st period - Stopped by Marek Schwarz without a rebound.
6:36 of 1st period - Christian Hanson wins face-off versus Jesse Joensuu in Patriotes zone.
6:51 of 1st period - Snap shot by Christian Hanson.
6:51 of 1st period - Stopped by Jhonas Enroth without a rebound.
6:52 of 1st period - Shawn Matthias wins face-off versus Evgeny Kuznetsov in Little Stars zone.
6:57 of 1st period - Timothy Kunes is hit by Andrej Sustr and loses puck.
8:15 of 1st period - Snap shot by Alexander Vasyunov.
8:15 of 1st period - Stopped by Marek Schwarz with a rebound.
8:17 of 1st period - Slapshot by Scott Kosmachuck.
8:17 of 1st period - Shot Misses the Net.
9:35 of 1st period - Slapshot by Alexander Vasyunov.
9:35 of 1st period - Shot Misses the Net.
9:53 of 1st period - Tyler Wotherspoon is hit by Phil McRae and loses puck.
10:06 of 1st period - Backhand shot by Jesper Fast.
10:06 of 1st period - Shot Misses the Net.
10:08 of 1st period - Slapshot by Tyler Wotherspoon.
10:08 of 1st period - Stopped by Marek Schwarz without a rebound.
10:09 of 1st period - Mathieu Perreault wins face-off versus Christian Hanson in Patriotes zone.
10:12 of 1st period - Slapshot by Mathieu Perreault.
10:12 of 1st period - Stopped by Marek Schwarz without a rebound.
10:13 of 1st period - Brian Flynn wins face-off versus Evgeny Kuznetsov in Patriotes zone.
10:39 of 1st period - Off-side.
10:40 of 1st period - Christian Hanson wins face-off versus Hugh Jessiman in neutral zone.
10:51 of 1st period - Wrist shot by Christian Hanson.
10:51 of 1st period - Stopped by Jhonas Enroth with a rebound.
10:53 of 1st period - Slapshot by Tyler Randell.
10:53 of 1st period - Shot Hit the Post.
10:55 of 1st period - Snap shot by Matt Calvert.
10:55 of 1st period - Stopped by Jhonas Enroth without a rebound.
10:56 of 1st period - Brian Flynn wins face-off versus Evgeny Kuznetsov in Little Stars zone.
11:11 of 1st period - Slapshot by Ryan Wilson.
11:11 of 1st period - Shot Blocked by Alex Chiasson.
11:48 of 1st period - Christian Hanson is hit by Jordie Benn and loses puck.
12:24 of 1st period - Slapshot by Evgeny Kuznetsov.
12:24 of 1st period - Stopped by Jhonas Enroth with a rebound.
12:26 of 1st period - Wrist shot by Evgeny Kuznetsov.
12:26 of 1st period - Stopped by Jhonas Enroth with a rebound.
12:28 of 1st period - Slapshot by Evgeny Kuznetsov.
12:28 of 1st period - Stopped by Jhonas Enroth with a rebound.
12:32 of 1st period - Slapshot by Evgeny Kuznetsov.
12:32 of 1st period - Shot Blocked by Alexander Vasyunov.
12:40 of 1st period - Minor Penalty to Scott Kosmachuck for High sticking.
12:41 of 1st period - Shawn Matthias wins face-off versus Christian Hanson in Little Stars zone.
12:56 of 1st period - Snap shot by Christian Hanson.
12:56 of 1st period - Stopped by Jhonas Enroth with a rebound.
14:18 of 1st period - Brian Flynn is hit by Tyler Randell and loses puck.
14:40 of 1st period - Penalty to Scott Kosmachuck is over, Scott Kosmachuck is back on ice.
14:47 of 1st period - Robert Klinkhammer is hit by Evgeny Kuznetsov and loses puck.
15:00 of 1st period - Snap shot by Dana Tyrell.
15:00 of 1st period - Shot Blocked by Aaron Ness.
15:22 of 1st period - Tyler Wotherspoon is hit by Fedor Fedorov and loses puck.
15:34 of 1st period - Tyler Wotherspoon is hit by Aaron Ness and loses puck.
15:55 of 1st period - Wrist shot by Alexander Vasyunov.
15:55 of 1st period - Shot Misses the Net.
16:23 of 1st period - Wrist shot by Alexander Vasyunov.
16:23 of 1st period - Stopped by Marek Schwarz with a rebound.
16:51 of 1st period - Wrist shot by Daniel O'regan.
16:51 of 1st period - Deflect By Alexander Vasyunov.
16:51 of 1st period - Stopped by Marek Schwarz without a rebound.
16:52 of 1st period - Brian Flynn wins face-off versus Matt Calvert in Patriotes zone.
17:05 of 1st period - Snap shot by Shawn Matthias.
17:05 of 1st period - Stopped by Marek Schwarz with a rebound.
17:19 of 1st period - Niklas Hjalmarsson is hit by Timothy Kunes.
17:39 of 1st period - Snap shot by Phil McRae.
17:39 of 1st period - Shot Misses the Net.
17:41 of 1st period - Snap shot by David Kolomatis.
17:41 of 1st period - Shot Misses the Net.
17:43 of 1st period - Snap shot by Phil McRae.
17:43 of 1st period - Shot Misses the Net.
18:07 of 1st period - Snap shot by Jesse Joensuu.
18:07 of 1st period - Shot Misses the Net.
18:11 of 1st period - Snap shot by Hugh Jessiman.
18:11 of 1st period - Stopped by Marek Schwarz with a rebound.
18:13 of 1st period - Slapshot by Andrej Sustr.
18:13 of 1st period - Stopped by Marek Schwarz with a rebound.
18:41 of 1st period - Snap shot by Hugh Jessiman.
18:41 of 1st period - Goal by Hugh Jessiman - Little Stars : 2 - Patriotes : 0.
18:42 of 1st period - Christian Hanson wins face-off versus Brian Flynn in neutral zone.
19:16 of 1st period - Wrist shot by Jesper Fast.
19:16 of 1st period - Stopped by Marek Schwarz without a rebound.
19:17 of 1st period - Brian Flynn wins face-off versus Zenon Konopka in Patriotes zone.
19:35 of 1st period - Minor Penalty to Alex Chiasson for High sticking.
19:36 of 1st period - Robert Klinkhammer wins face-off versus Christian Hanson in Little Stars zone.
19:56 of 1st period - Niklas Hjalmarsson is hit by Timothy Kunes and loses puck.
Goals for this period are 2 for Little Stars vs 0 for Patriotes.
Shots for this period are 18 for Little Stars vs 9 for Patriotes.
2nd period
0:01 of 2nd period - Christian Hanson wins face-off versus Robert Klinkhammer in neutral zone.
1:35 of 2nd period - Penalty to Alex Chiasson is over, Alex Chiasson is back on ice.
1:51 of 2nd period - Tyler Wotherspoon is hit by Phil McRae and loses puck.
2:34 of 2nd period - Vince Hinostroza is hit by Scott Kosmachuck and loses puck.
2:56 of 2nd period - Icing by Andrew Gordon.
2:57 of 2nd period - Justin Florek wins face-off versus Dana Tyrell in Patriotes zone.
3:10 of 2nd period - Timothy Kunes is hit by Shawn Matthias and loses puck.
3:17 of 2nd period - Snap shot by Shawn Matthias.
3:17 of 2nd period - Shot Misses the Net.
3:31 of 2nd period - Timothy Kunes is hit by Mathieu Perreault and loses puck.
3:45 of 2nd period - Icing by Dana Tyrell.
3:46 of 2nd period - Vince Hinostroza wins face-off versus Hugh Jessiman in Little Stars zone.
3:53 of 2nd period - Wrist shot by Phil McRae.
3:53 of 2nd period - Stopped by Jhonas Enroth with a rebound.
4:09 of 2nd period - Snap shot by Hugh Jessiman.
4:09 of 2nd period - Shot Blocked by Emerson Etem.
4:11 of 2nd period - Wrist shot by Dana Tyrell.
4:11 of 2nd period - Goal by Dana Tyrell - Little Stars : 3 - Patriotes : 0.
4:12 of 2nd period - Evgeny Kuznetsov wins face-off versus Brian Flynn in neutral zone.
4:25 of 2nd period - Wrist shot by Evgeny Kuznetsov.
4:25 of 2nd period - Shot Misses the Net.
4:37 of 2nd period - Niklas Hjalmarsson is hit by Christian Hanson and loses puck.
5:21 of 2nd period - Wrist shot by Alex Chiasson.
5:21 of 2nd period - Shot Blocked by David Kolomatis.
5:23 of 2nd period - Slapshot by Shawn Matthias.
5:23 of 2nd period - Shot Misses the Net.
5:25 of 2nd period - Slapshot by Jordie Benn.
5:25 of 2nd period - Shot Blocked by Anthony Bitetto.
5:27 of 2nd period - Wrist shot by Alex Chiasson.
5:27 of 2nd period - Shot Blocked by David Kolomatis.
5:38 of 2nd period - Off-side.
5:39 of 2nd period - Mark Stone wins face-off versus Daniel O'regan in neutral zone.
6:04 of 2nd period - Brian Flynn is hit by Tyler Randell and loses puck.
6:15 of 2nd period - Slapshot by Ryan Wilson.
6:15 of 2nd period - Shot Misses the Net.
6:17 of 2nd period - Wrist shot by Matt Calvert.
6:17 of 2nd period - Stopped by Jhonas Enroth without a rebound.
6:18 of 2nd period - Mathieu Perreault wins face-off versus Zenon Konopka in Little Stars zone.
6:18 of 2nd period - Mathieu Perreault is hit by Andrew Gordon.
6:30 of 2nd period - Slapshot by Niklas Hjalmarsson.
6:30 of 2nd period - Shot Blocked by Andrew Gordon.
6:32 of 2nd period - Wrist shot by Niklas Hjalmarsson.
6:32 of 2nd period - Deflect By Zenon Konopka.
6:32 of 2nd period - Stopped by Marek Schwarz with a rebound.
6:44 of 2nd period - Alex Petrovic is hit by Jesse Joensuu and loses puck.
7:13 of 2nd period - Snap shot by Alex Chiasson.
7:13 of 2nd period - Stopped by Marek Schwarz with a rebound.
7:15 of 2nd period - Wrist shot by Tyler Wotherspoon.
7:15 of 2nd period - Shot Misses the Net.
7:17 of 2nd period - Wrist shot by Alex Chiasson.
7:17 of 2nd period - Stopped by Marek Schwarz with a rebound.
7:54 of 2nd period - Wrist shot by Jesse Joensuu.
7:54 of 2nd period - Shot Misses the Net.
8:38 of 2nd period - Robert Klinkhammer is hit by Timothy Kunes and loses puck.
8:57 of 2nd period - Slapshot by Timothy Kunes.
8:57 of 2nd period - Shot Misses the Net.
8:59 of 2nd period - Slapshot by Ryan Wilson.
8:59 of 2nd period - Deflect By Phil McRae.
8:59 of 2nd period - Shot Misses the Net.
8:59 of 2nd period - Puck is out of play.
9:00 of 2nd period - Brian Flynn wins face-off versus Vince Hinostroza in Little Stars zone.
9:13 of 2nd period - Slapshot by Alex Chiasson.
9:13 of 2nd period - Shot Misses the Net.
9:49 of 2nd period - Andrej Sustr is hit by Fedor Fedorov and loses puck.
10:12 of 2nd period - Snap shot by Matt Calvert.
10:12 of 2nd period - Stopped by Jhonas Enroth with a rebound.
10:14 of 2nd period - Snap shot by Matt Calvert.
10:14 of 2nd period - Shot Misses the Net.
10:18 of 2nd period - Snap shot by Tyler Randell.
10:18 of 2nd period - Shot Misses the Net.
10:56 of 2nd period - Wrist shot by Evgeny Kuznetsov.
10:56 of 2nd period - Shot Misses the Net.
12:28 of 2nd period - Snap shot by Alex Chiasson.
12:28 of 2nd period - Stopped by Marek Schwarz with a rebound.
12:30 of 2nd period - Snap shot by Alex Chiasson.
12:30 of 2nd period - Shot Misses the Net.
12:32 of 2nd period - Wrist shot by Shawn Matthias.
12:32 of 2nd period - Goal by Shawn Matthias - Little Stars : 4 - Patriotes : 0.
12:33 of 2nd period - Brian Flynn wins face-off versus Evgeny Kuznetsov in neutral zone.
13:04 of 2nd period - Snap shot by Jesper Fast.
13:04 of 2nd period - Goal by Jesper Fast - Little Stars : 5 - Patriotes : 0.
13:05 of 2nd period - Christian Hanson wins face-off versus Brian Flynn in neutral zone.
13:16 of 2nd period - Slapshot by Ryan Wilson.
13:16 of 2nd period - Shot Blocked by Andrej Sustr.
14:02 of 2nd period - Wrist shot by Jesper Fast.
14:02 of 2nd period - Stopped by Marek Schwarz with a rebound.
14:25 of 2nd period - Off-side.
14:26 of 2nd period - Evgeny Kuznetsov wins face-off versus Brian Flynn in neutral zone.
14:35 of 2nd period - Snap shot by Fedor Fedorov.
14:35 of 2nd period - Shot Blocked by Shawn Matthias.
14:37 of 2nd period - Slapshot by Evgeny Kuznetsov.
14:37 of 2nd period - Deflect By Mark Stone.
14:37 of 2nd period - Shot Misses the Net.
14:37 of 2nd period - Puck is out of play.
14:38 of 2nd period - Brian Flynn wins face-off versus Evgeny Kuznetsov in Little Stars zone.
14:38 of 2nd period - Brian Flynn is hit by Fedor Fedorov.
15:09 of 2nd period - Slapshot by Jesse Joensuu.
15:09 of 2nd period - Shot Blocked by David Kolomatis.
15:35 of 2nd period - Anthony Bitetto is hit by Alexander Vasyunov and loses puck.
15:46 of 2nd period - Zenon Konopka is hit by Andrej Sustr and loses puck.
15:51 of 2nd period - Wrist shot by Shawn Matthias.
15:51 of 2nd period - Deflect By Anthony Bitetto.
15:51 of 2nd period - Goal by Shawn Matthias - Little Stars : 6 - Patriotes : 0.
15:51 of 2nd period - Andrei Vasilevskiy enters game.
15:52 of 2nd period - Brian Flynn wins face-off versus Evgeny Kuznetsov in neutral zone.
15:54 of 2nd period - Off-side.
15:55 of 2nd period - Evgeny Kuznetsov wins face-off versus Brian Flynn in neutral zone.
16:05 of 2nd period - Wrist shot by Alex Chiasson.
16:05 of 2nd period - Shot Blocked by Mark Stone.
16:07 of 2nd period - Slapshot by Brian Flynn.
16:07 of 2nd period - Shot Misses the Net.
16:09 of 2nd period - Snap shot by Alex Chiasson.
16:09 of 2nd period - Goal by Alex Chiasson - Little Stars : 7 - Patriotes : 0.
16:10 of 2nd period - Brian Flynn wins face-off versus Evgeny Kuznetsov in neutral zone.
16:15 of 2nd period - Snap shot by Fedor Fedorov.
16:15 of 2nd period - Shot Blocked by Shawn Matthias.
16:17 of 2nd period - Slapshot by Evgeny Kuznetsov.
16:17 of 2nd period - Stopped by Jhonas Enroth with a rebound.
16:19 of 2nd period - Slapshot by Timothy Kunes.
16:19 of 2nd period - Shot Misses the Net.
16:21 of 2nd period - Wrist shot by Mark Stone.
16:21 of 2nd period - Stopped by Jhonas Enroth with a rebound.
16:23 of 2nd period - Slapshot by Timothy Kunes.
16:23 of 2nd period - Shot Misses the Net.
16:35 of 2nd period - Christian Hanson is hit by Dana Tyrell and loses puck.
16:40 of 2nd period - Backhand shot by Jesse Joensuu.
16:40 of 2nd period - Shot Misses the Net.
16:42 of 2nd period - Slapshot by Jesse Joensuu.
16:42 of 2nd period - Stopped by Andrei Vasilevskiy without a rebound.
16:43 of 2nd period - Jesse Joensuu wins face-off versus Evgeny Kuznetsov in Patriotes zone.
16:50 of 2nd period - Snap shot by Mark Stone.
16:50 of 2nd period - Shot Blocked by Tyson Barrie.
17:08 of 2nd period - Jordie Benn is hit by Tyler Randell and loses puck.
17:15 of 2nd period - Wrist shot by Matt Calvert.
17:15 of 2nd period - Stopped by Jhonas Enroth without a rebound.
17:16 of 2nd period - Christian Hanson wins face-off versus Shawn Matthias in Little Stars zone.
17:23 of 2nd period - Wrist shot by Christian Hanson.
17:23 of 2nd period - Stopped by Jhonas Enroth with a rebound.
18:11 of 2nd period - Minor Penalty to Mathieu Perreault for Holding.
18:12 of 2nd period - Christian Hanson wins face-off versus Alex Chiasson in Little Stars zone.
18:12 of 2nd period - Snap shot by Fedor Fedorov.
18:12 of 2nd period - Deflect By Christian Hanson.
18:12 of 2nd period - Shot Blocked by Niklas Hjalmarsson.
18:12 of 2nd period - Puck is out of play.
18:13 of 2nd period - Alex Chiasson wins face-off versus Andrew Gordon in Little Stars zone.
18:26 of 2nd period - Snap shot by Fedor Fedorov.
18:26 of 2nd period - Stopped by Jhonas Enroth with a rebound.
18:28 of 2nd period - Wrist shot by Ryan Wilson.
18:28 of 2nd period - Shot Misses the Net.
19:14 of 2nd period - Brian Flynn is hit by Tyler Randell and loses puck.
Goals for this period are 5 for Little Stars vs 0 for Patriotes.
Shots for this period are 11 for Little Stars vs 8 for Patriotes.
3rd period
0:01 of 3rd period - Christian Hanson wins face-off versus Alex Chiasson in neutral zone.
0:11 of 3rd period - Penalty to Mathieu Perreault is over, Mathieu Perreault is back on ice.
0:14 of 3rd period - Niklas Hjalmarsson is hit by Timothy Kunes and loses puck.
0:31 of 3rd period - Snap shot by Phil McRae.
0:31 of 3rd period - Stopped by Jhonas Enroth without a rebound.
0:32 of 3rd period - Dana Tyrell wins face-off versus Phil McRae in Little Stars zone.
0:54 of 3rd period - Backhand shot by Emerson Etem.
0:54 of 3rd period - Stopped by Jhonas Enroth with a rebound.
0:56 of 3rd period - Slapshot by Ryan Wilson.
0:56 of 3rd period - Goal by Ryan Wilson - Little Stars : 7 - Patriotes : 1.
0:57 of 3rd period - Alex Chiasson wins face-off versus Evgeny Kuznetsov in neutral zone.
1:00 of 3rd period - Slapshot by Niklas Hjalmarsson.
1:00 of 3rd period - Shot Misses the Net.
1:08 of 3rd period - Snap shot by Alex Chiasson.
1:08 of 3rd period - Shot Misses the Net.
1:22 of 3rd period - Andrej Sustr is hit by Tyler Randell and loses puck.
2:09 of 3rd period - Wrist shot by Emerson Etem.
2:09 of 3rd period - Goal by Emerson Etem - Little Stars : 7 - Patriotes : 2.
2:10 of 3rd period - Mark Stone wins face-off versus Brian Flynn in neutral zone.
2:13 of 3rd period - Wrist shot by Evgeny Kuznetsov.
2:13 of 3rd period - Stopped by Jhonas Enroth without a rebound.
2:14 of 3rd period - Brian Flynn wins face-off versus Evgeny Kuznetsov in Little Stars zone.
2:14 of 3rd period - Brian Flynn is hit by Timothy Kunes.
2:20 of 3rd period - Timothy Kunes is hit by Andrej Sustr.
2:50 of 3rd period - Wrist shot by Tyler Randell.
2:50 of 3rd period - Deflect By Matt Calvert.
2:50 of 3rd period - Shot Misses the Net.
2:50 of 3rd period - Puck is out of play.
2:51 of 3rd period - Brian Flynn wins face-off versus Evgeny Kuznetsov in Little Stars zone.
3:18 of 3rd period - Anthony Bitetto is hit by Hugh Jessiman and loses puck.
4:01 of 3rd period - Evgeny Kuznetsov and Daniel O'regan fight to a draw.
4:01 of 3rd period - Penalty to Evgeny Kuznetsov for Fighting.
4:01 of 3rd period - Penalty to Daniel O'regan for Fighting.
4:02 of 3rd period - Phil McRae wins face-off versus Brian Flynn in Patriotes zone.
4:02 of 3rd period - Phil McRae is hit by Brian Flynn.
4:28 of 3rd period - Niklas Hjalmarsson is hit by Timothy Kunes and loses puck.
4:53 of 3rd period - Timothy Kunes is hit by Mathieu Perreault.
5:02 of 3rd period - Icing by Zenon Konopka.
5:03 of 3rd period - Brian Flynn wins face-off versus Andrew Gordon in Patriotes zone.
5:19 of 3rd period - Icing by Timothy Kunes.
5:20 of 3rd period - Zenon Konopka wins face-off versus Dana Tyrell in Patriotes zone.
5:29 of 3rd period - Slapshot by Andrew Gordon.
5:29 of 3rd period - Shot Blocked by Niklas Hjalmarsson.
5:31 of 3rd period - Slapshot by Timothy Kunes.
5:31 of 3rd period - Stopped by Jhonas Enroth without a rebound.
5:32 of 3rd period - Phil McRae wins face-off versus Brian Flynn in Little Stars zone.
5:39 of 3rd period - Snap shot by Mark Stone.
5:39 of 3rd period - Deflect By Fedor Fedorov.
5:39 of 3rd period - Shot Blocked by Brian Flynn.
5:39 of 3rd period - Puck is out of play.
5:40 of 3rd period - Mark Stone wins face-off versus Brian Flynn in Little Stars zone.
5:49 of 3rd period - Snap shot by Mark Stone.
5:49 of 3rd period - Shot Misses the Net.
5:51 of 3rd period - Snap shot by Fedor Fedorov.
5:51 of 3rd period - Stopped by Jhonas Enroth with a rebound.
5:53 of 3rd period - Snap shot by Fedor Fedorov.
5:53 of 3rd period - Shot Misses the Net.
5:55 of 3rd period - Snap shot by Fedor Fedorov.
5:55 of 3rd period - Shot Misses the Net.
6:27 of 3rd period - Snap shot by Alexander Vasyunov.
6:27 of 3rd period - Stopped by Andrei Vasilevskiy without a rebound.
6:28 of 3rd period - Mathieu Perreault wins face-off versus Zenon Konopka in Patriotes zone.
7:41 of 3rd period - Icing by Andrej Sustr.
7:42 of 3rd period - Phil McRae wins face-off versus Mathieu Perreault in Little Stars zone.
7:51 of 3rd period - Slapshot by Niklas Hjalmarsson.
7:51 of 3rd period - Shot Blocked by Anthony Bitetto.
7:53 of 3rd period - Snap shot by Robert Klinkhammer.
7:53 of 3rd period - Shot Misses the Net.
7:55 of 3rd period - Slapshot by Niklas Hjalmarsson.
7:55 of 3rd period - Stopped by Andrei Vasilevskiy with a rebound.
7:57 of 3rd period - Snap shot by Mathieu Perreault.
7:57 of 3rd period - Deflect By Jesper Fast.
7:57 of 3rd period - Shot Blocked by David Kolomatis.
7:57 of 3rd period - Puck is out of play.
7:58 of 3rd period - Brian Flynn wins face-off versus Christian Hanson in Patriotes zone.
8:12 of 3rd period - Anthony Bitetto is hit by Tyson Barrie and loses puck.
8:32 of 3rd period - Slapshot by Zenon Konopka.
8:32 of 3rd period - Shot Blocked by Shawn Matthias.
8:34 of 3rd period - Slapshot by David Kolomatis.
8:34 of 3rd period - Stopped by Jhonas Enroth with a rebound.
8:36 of 3rd period - Backhand shot by Justin Florek.
8:36 of 3rd period - Stopped by Jhonas Enroth without a rebound.
8:37 of 3rd period - Dana Tyrell wins face-off versus Phil McRae in Little Stars zone.
8:39 of 3rd period - Minor Penalty to Dana Tyrell for Roughing.
8:40 of 3rd period - Alex Chiasson wins face-off versus Christian Hanson in Little Stars zone.
9:01 of 3rd period - Penalty to Daniel O'regan is over, Daniel O'regan is back on ice.
9:12 of 3rd period - Slapshot by Ryan Wilson.
9:12 of 3rd period - Stopped by Jhonas Enroth without a rebound.
9:13 of 3rd period - Brian Flynn wins face-off versus Christian Hanson in Little Stars zone.
9:18 of 3rd period - Snap shot by Tyson Barrie.
9:18 of 3rd period - Deflect By David Kolomatis.
9:18 of 3rd period - Goal by Tyson Barrie - Little Stars : 8 - Patriotes : 2.
9:19 of 3rd period - Christian Hanson wins face-off versus Alex Chiasson in neutral zone.
9:32 of 3rd period - Wrist shot by Shawn Matthias.
9:32 of 3rd period - Deflect By Alex Chiasson.
9:32 of 3rd period - Stopped by Andrei Vasilevskiy with a rebound.
9:51 of 3rd period - Slapshot by Zenon Konopka.
9:51 of 3rd period - Shot Blocked by Andrej Sustr.
10:39 of 3rd period - Penalty to Dana Tyrell is over, Dana Tyrell is back on ice.
10:55 of 3rd period - Minor Penalty to Vince Hinostroza for Holding.
10:56 of 3rd period - Andrew Gordon wins face-off versus Dana Tyrell in Patriotes zone.
11:05 of 3rd period - Off-side.
11:06 of 3rd period - Andrew Gordon wins face-off versus Dana Tyrell in neutral zone.
11:11 of 3rd period - Snap shot by Christian Hanson.
11:11 of 3rd period - Shot Blocked by Jordie Benn.
11:19 of 3rd period - Wrist shot by Hugh Jessiman.
11:19 of 3rd period - Goal by Hugh Jessiman - Little Stars : 9 - Patriotes : 2.
11:20 of 3rd period - Brian Flynn wins face-off versus Evgeny Kuznetsov in neutral zone.
11:45 of 3rd period - Alex Chiasson is hit by Evgeny Kuznetsov.
11:49 of 3rd period - Brian Flynn is hit by Timothy Kunes and loses puck.
12:10 of 3rd period - Backhand shot by Timothy Kunes.
12:10 of 3rd period - Stopped by Jhonas Enroth with a rebound.
12:24 of 3rd period - Snap shot by Fedor Fedorov.
12:24 of 3rd period - Stopped by Jhonas Enroth with a rebound.
12:43 of 3rd period - Off-side.
12:44 of 3rd period - Christian Hanson wins face-off versus Dana Tyrell in neutral zone.
12:57 of 3rd period - Wrist shot by Tyler Randell.
12:57 of 3rd period - Stopped by Jhonas Enroth without a rebound.
12:58 of 3rd period - Mathieu Perreault wins face-off versus Christian Hanson in Little Stars zone.
13:27 of 3rd period - Off-side.
13:28 of 3rd period - Dana Tyrell wins face-off versus Zenon Konopka in neutral zone.
14:15 of 3rd period - Snap shot by Christian Hanson.
14:15 of 3rd period - Stopped by Jhonas Enroth without a rebound.
14:16 of 3rd period - Christian Hanson wins face-off versus Brian Flynn in Little Stars zone.
14:32 of 3rd period - Minor Penalty to Andrej Sustr for Interference.
14:33 of 3rd period - Christian Hanson wins face-off versus Alex Chiasson in Little Stars zone.
16:21 of 3rd period - Scott Harrington is hit by Timothy Kunes and loses puck.
16:32 of 3rd period - Penalty to Andrej Sustr is over, Andrej Sustr is back on ice.
16:42 of 3rd period - David Kolomatis is hit by Dana Tyrell and loses puck.
16:59 of 3rd period - David Kolomatis is hit by Scott Kosmachuck.
17:09 of 3rd period - Mark Stone is hit by Mathieu Perreault and loses puck.
17:28 of 3rd period - Zenon Konopka is hit by Andrej Sustr and loses puck.
18:08 of 3rd period - Slapshot by Jordie Benn.
18:08 of 3rd period - Deflect By Aaron Ness.
18:08 of 3rd period - Stopped by Andrei Vasilevskiy without a rebound.
18:09 of 3rd period - Christian Hanson wins face-off versus Mathieu Perreault in Patriotes zone.
18:23 of 3rd period - Tyson Barrie is hit by Tyler Randell and loses puck.
19:00 of 3rd period - Snap shot by Justin Florek.
19:00 of 3rd period - Stopped by Jhonas Enroth with a rebound.
19:02 of 3rd period - Snap shot by Andrew Gordon.
19:02 of 3rd period - Shot Blocked by Andrej Sustr.
19:04 of 3rd period - Backhand shot by David Kolomatis.
19:04 of 3rd period - Stopped by Jhonas Enroth with a rebound.
19:06 of 3rd period - Backhand shot by David Kolomatis.
19:06 of 3rd period - Deflect By Brian Flynn.
19:06 of 3rd period - Stopped by Jhonas Enroth with a rebound.
19:16 of 3rd period - Daniel O'regan is hit by Vince Hinostroza and loses puck.
19:25 of 3rd period - Snap shot by Phil McRae.
19:25 of 3rd period - Shot Blocked by Andrej Sustr.
19:39 of 3rd period - Wrist shot by Jesper Fast.
19:39 of 3rd period - Stopped by Andrei Vasilevskiy with a rebound.
19:52 of 3rd period - Icing by Robert Klinkhammer.
19:53 of 3rd period - Dana Tyrell wins face-off versus Evgeny Kuznetsov in Little Stars zone.
Goals for this period are 2 for Little Stars vs 2 for Patriotes.
Shots for this period are 7 for Little Stars vs 17 for Patriotes.
Back to the Top